 Dungeon Crawl Stone Soup version 0.21-a0-331-gfb491b4 (webtiles) character file.

422 Atlas the Chiller (level 6, -2/44 HPs)
             Began as a Gnoll Ice Elementalist on Oct 2, 2017.
             Slain by an ogre
             ... wielding a +0 giant club
              (12 damage)
             ... on level 4 of the Dungeon.
             The game lasted 00:03:46 (2623 turns).

Atlas the Chiller (Gnoll Ice Elementalist)          Turns: 2623, Time: 00:03:46

Health: -2/44      AC: 11    Str: 10    XL:     6   Next: 95%
Magic:  9/14       EV: 13    Int: 19    God:
Gold:   176        SH:  0    Dex: 16    Spells: 14/15 levels left

rFire    . . .     SeeInvis .     - Unarmed
rCold    . . .     Gourm    .   (no shield)
rNeg     . . .     Faith    .   q - +0 ring mail (curse)
rPois    .         Spirit   .   (no helmet)
rElec    .         Reflect  .   c - +0 cloak
rCorr    .         Harm     .   a - +1 pair of gloves
MR       +....                  j - +2 pair of boots
Stlth    ++........             (no amulet)
HPRegen  0.14/turn              e - ring of protection from magic
MPRegen  0.14/turn              (no ring)

@: no status effects
A: distributed training, fangs 1, strong nose
a: no special abilities


You were on level 4 of the Dungeon.
You were not hungry.

You visited 1 branch of the dungeon, and saw 4 of its levels.

You collected 176 gold pieces.

Inventory:

Armour
 a - a +1 pair of gloves (worn)
 c - a +0 cloak (worn)
 g - a +0 leather armour
 j - a +2 pair of boots (worn)
 q - a cursed +0 ring mail (worn)
Jewellery
 e - a ring of protection from magic (left hand)
Wands
 r - a wand of random effects (15/48)
Scrolls
 d - 2 scrolls of remove curse {unknown}
 i - a scroll of teleportation {unknown}
 k - a scroll of recharging {unknown}
 n - a scroll of magic mapping {unknown}
 o - 3 scrolls of identify {unknown}
Potions
 f - a potion of heal wounds {unknown}
 p - 3 potions of curing {unknown}
 s - a potion of mutation {unknown}
 t - a potion of brilliance {unknown}
Books
 b - a book of Frost

   Spells                             Type                      Level
   a - Freeze                         Ice                          1
   b - Throw Frost                    Conjuration/Ice              2
   c - Ozocubu's Armour               Charms/Ice                   3
   d - Throw Icicle                   Conjuration/Ice              4
   e - Summon Ice Beast               Ice/Summoning                4
Comestibles
 h - 5 fruits
 l - a royal jelly
 m - 3 bread rations
 u - 4 chunks of flesh


   Skills:
 + Level 2.1 Fighting
 + Level 2.1 Short Blades
 + Level 2.1 Long Blades
 + Level 2.1 Axes
 + Level 2.1 Maces & Flails
 + Level 2.1 Polearms
 + Level 2.1 Staves
 + Level 2.1 Slings
 + Level 2.1 Bows
 + Level 2.1 Crossbows
 + Level 2.1 Throwing
 + Level 2.1 Armour
 + Level 5.0 Dodging
 + Level 4.7 Stealth
   Level 0.0 Stabbing
 + Level 2.1 Shields
   Level 0.0 Traps
 + Level 2.1 Unarmed Combat
 + Level 5.4 Spellcasting
 + Level 3.3 Conjurations
 + Level 2.1 Hexes
 + Level 2.1 Charms
 + Level 2.1 Summonings
 + Level 2.1 Necromancy
 + Level 2.1 Translocations
 + Level 2.1 Transmutations
 + Level 2.1 Fire Magic
 + Level 6.9 Ice Magic
 + Level 2.1 Air Magic
 + Level 2.1 Earth Magic
 + Level 2.1 Poison Magic
 + Level 2.1 Invocations
 + Level 2.1 Evocations


You had 14 spell levels left.
You knew the following spells:

 Your Spells              Type           Power        Failure   Level  Hunger
a - Freeze                Ice            ####         1%          1    None


Dungeon Overview and Level Annotations

Branches:
Dungeon (4/15)
 Temple: D:4-7

Altars:
Dithmenos
Fedhas
Makhleb
Nemelex Xobeh
Okawaru
Sif Muna


Innate Abilities, Weirdness & Mutations

Your experience applies equally to all skills.
You have very sharp teeth.
Your uncanny sense of smell can sniff out nearby items.


Message History

You freeze the ogre.
The ogre is moderately wounded.
Casting: Freeze
Confirm with . or Enter, or press ? or * to list all spells.
Aiming: Freeze
Press: ? - help, Shift-Dir - straight line, f/p - ogre
Aim: an ogre, wielding a giant club (moderately wounded)
You freeze the ogre.
The ogre is heavily wounded.
The ogre hits you with a giant club!
* * * LOW HITPOINT WARNING * * *
Casting: Freeze
Confirm with . or Enter, or press ? or * to list all spells.
Aiming: Freeze
Press: ? - help, Shift-Dir - straight line, f/p - ogre
Aim: an ogre, wielding a giant club (heavily wounded)
You freeze the ogre.
The ogre is severely wounded.
The ogre hits you with a giant club!
You die...

### ..# #.# ##.##
# ... # #.##O##.#
#.##.#.@.#.###.
#......_.......
####.#...#.##..
####.##.##.#
##.##.......#
##..#####.####
##...#####.#
#..........# ∆
+.........+......


You could see an ogre.

Vanquished Creatures
  An ogre (D:4)
  Blork the orc (D:4)
  A scorpion (D:4)
  An orc wizard (D:4)
  A worker ant (D:4)
  A hound zombie (D:4)
  9 adders
  An ooze (D:1)
  3 dart slugs
  A leopard gecko (D:3)
  4 orcs
  7 bats
  4 giant cockroaches
  3 goblins
  5 hobgoblins
  5 jackals
  2 quokkas
  5 ball pythons
  4 frilled lizards
  6 kobolds
  6 rats
71 creatures vanquished.

Notes
Turn   | Place    | Note
-------+----------+-------------------------------------------
     0 | D:1      | Atlas the Gnoll Ice Elementalist began the quest for the Orb.
     0 | D:1      | Reached XP level 1. HP: 13/13 MP: 6/6
   129 | D:1      | Reached XP level 2. HP: 19/19 MP: 3/7
   497 | D:1      | Reached XP level 3. HP: 24/25 MP: 6/9
   500 | D:1      | Reached skill level 5 in Spellcasting
   758 | D:2      | Reached skill level 1 in Fighting
   758 | D:2      | Reached skill level 1 in Short Blades
   758 | D:2      | Reached skill level 1 in Long Blades
   758 | D:2      | Reached skill level 1 in Axes
   758 | D:2      | Reached skill level 1 in Maces & Flails
   758 | D:2      | Reached skill level 1 in Polearms
   758 | D:2      | Reached skill level 1 in Staves
   758 | D:2      | Reached skill level 1 in Slings
   758 | D:2      | Reached skill level 1 in Bows
   758 | D:2      | Reached skill level 1 in Crossbows
   758 | D:2      | Reached skill level 1 in Throwing
   758 | D:2      | Reached skill level 1 in Armour
   758 | D:2      | Reached skill level 1 in Shields
   758 | D:2      | Reached skill level 1 in Unarmed Combat
   758 | D:2      | Reached skill level 1 in Hexes
   758 | D:2      | Reached skill level 1 in Charms
   758 | D:2      | Reached skill level 1 in Summonings
   758 | D:2      | Reached skill level 1 in Necromancy
   758 | D:2      | Reached skill level 1 in Translocations
   758 | D:2      | Reached skill level 1 in Transmutations
   758 | D:2      | Reached skill level 1 in Fire Magic
   758 | D:2      | Reached skill level 1 in Air Magic
   758 | D:2      | Reached skill level 1 in Earth Magic
   758 | D:2      | Reached skill level 1 in Poison Magic
   758 | D:2      | Reached skill level 1 in Invocations
   758 | D:2      | Reached skill level 1 in Evocations
   760 | D:2      | Reached XP level 4. HP: 30/32 MP: 1/11
  1342 | D:3      | Reached XP level 5. HP: 37/37 MP: 6/12
  1955 | D:3      | Found a sparkling altar of Nemelex Xobeh.
  2379 | D:4      | Found a faded altar of an unknown god.
  2379 | D:4      | Found a burning altar of Makhleb.
  2385 | D:4      | Found a faded altar of an unknown god.
  2388 | D:4      | Found a blossoming altar of Fedhas.
  2390 | D:4      | Found an iron altar of Okawaru.
  2421 | D:4      | Found a shadowy altar of Dithmenos.
  2434 | D:4      | Noticed Blork the orc
  2445 | D:4      | Killed Blork the orc
  2445 | D:4      | Reached XP level 6. HP: 43/44 MP: 5/13
  2565 | D:4      | Reached skill level 5 in Dodging
  2611 | D:4      | Found a deep blue altar of Sif Muna.
  2623 | D:4      | Slain by an ogre

Vault maps used:
D:1:      dpeg_arrival_yet_another_circle
D:2:      minmay_shallow_snake_nest
D:3:      marbit_many_paths
D:4:      nicolae_overflow_crystal_walls, chequers_temple_overflow_minitemple,
          minmay_temple_entry_enclosed_plants, grunt_dithmenos_smoke,
          uniq_blork_the_orc

Skill      XL: |  1  2  3  4  5  6 |
---------------+-------------------+-----
Spellcasting   | 5 |  5.4
Fighting       | 1 2 |  2.1
Short Blades   | 1 2 |  2.1
Long Blades    | 1 2 |  2.1
Axes           | 1 2 |  2.1
Maces & Flails | 1 2 |  2.1
Polearms       | 1 2 |  2.1
Staves         | 1 2 |  2.1
Slings         | 1 2 |  2.1
Bows           | 1 2 |  2.1
Crossbows      | 1 2 |  2.1
Throwing       | 1 2 |  2.1
Armour         | 1 2 |  2.1
Shields        | 1 2 |  2.1
Unarmed Combat | 1 2 |  2.1
Hexes          | 1 2 |  2.1
Charms         | 1 2 |  2.1
Summonings     | 1 2 |  2.1
Necromancy     | 1 2 |  2.1
Translocations | 1 2 |  2.1
Transmutations | 1 2 |  2.1
Fire Magic     | 1 2 |  2.1
Air Magic      | 1 2 |  2.1
Earth Magic    | 1 2 |  2.1
Poison Magic   | 1 2 |  2.1
Invocations    | 1 2 |  2.1
Evocations     | 1 2 |  2.1
Conjurations   | 3 |  3.3
Dodging        | 5 |  5.0
Stealth        | |  4.7
Ice Magic      | |  6.9

Action                   |  1- 3 |  4- 6 || total
-------------------------+-------+-------++-------
Melee: Unarmed           |    12 |    23 ||    35
       Bite              |     3 |     2 ||     5
 Cast: Freeze            |    41 |    79 ||   120
  Eat: Bread ration      |       |     1 ||     1
       Chunk             |       |     1 ||     1
Armor: Leather armour    |    15 |     8 ||    23
       Ring mail         |       |    24 ||    24
Dodge: Dodged            |    33 |    63 ||    96

Table legend:
 A = Spawn XP
 B = Non-spawn XP
 C = Spawn XP percentage of total XP
 D = Spawn monster count
 E = Non-spawn monster count
 F = Spawn count percentage of total count
 G = Total turns spent on level
                    A         B        C        D         E        F      G
               +---------+---------+-------+---------+---------+-------+---------
         Total |       0 |     603 |   0.0 |       0 |      71 |   0.0 |  2623
               +---------+---------+-------+---------+---------+-------+---------
           D:1 |       0 |      40 |   0.0 |       0 |      20 |   0.0 |   643
           D:2 |       0 |     100 |   0.0 |       0 |      27 |   0.0 |   614
           D:3 |       0 |      78 |   0.0 |       0 |      14 |   0.0 |   875
           D:4 |       0 |     385 |   0.0 |       0 |      10 |   0.0 |   491
               +---------+---------+-------+---------+---------+-------+---------
